 Dungeon Crawl Stone Soup version 0.19.5 (webtiles) character file.

56 Trixie the Magician (level 3, -2/19 HPs)
             Began as a Deep Elf Ice Elementalist on Mar 9, 2017.
             Killed from afar by Natasha (11 damage)
             ... with a magic dart
             ... on level 2 of the Dungeon.
             The game lasted 00:04:07 (1947 turns).

Trixie the Magician (Deep Elf Ice Elementalist)     Turns: 1947, Time: 00:04:08

Health: -2/19      AC:  2    Str:  5    XL:     3   Next: 71%
Magic:  6/10       EV: 13    Int: 20    God:
Gold:   112        SH:  0    Dex: 15    Spells: 2 memorised, 7 levels left

rFire  . . .     SeeInvis .     (no weapon)
rCold  . . .     Gourm    .     a - +0 robe
rNeg   . . .     Faith    .     (no shield)
rPois  .         Spirit   .     (no helmet)
rElec  .         Reflect  .     (no cloak)
rCorr  .         Harm     .     (no gloves)
MR     .....                    (no boots)
Stlth  ++........               (no amulet)
                                (no ring)
                                (no ring)

@: no status effects
A: no striking features
a: no special abilities


You were on level 2 of the Dungeon.
You were hungry.

You visited 1 branch of the dungeon, and saw 3 of its levels.

You collected 112 gold pieces.

Inventory:

Armour
 a - a +0 robe (worn)
Jewellery
 i - a cursed ring of loudness {unknown}
 m - a +3 ring of dexterity {unknown}
Scrolls
 d - a scroll of random uselessness {unknown}
 e - a scroll of teleportation {unknown}
 h - 2 scrolls of identify {unknown}
 j - a scroll of amnesia {unknown}
Potions
 f - a potion of degeneration {unknown}
 g - 2 potions of heal wounds {unknown}
 k - a potion of agility {unknown}
 n - a potion of cure mutation {unknown}
 p - a potion of haste {unknown}
Books
 b - a book of Frost

   Spells                             Type                      Level
   a - Freeze                         Ice                          1
   b - Throw Frost                    Conjuration/Ice              2
   c - Ozocubu's Armour               Charms/Ice                   3
   d - Throw Icicle                   Conjuration/Ice              4
   e - Summon Ice Beast               Ice/Summoning                4
Comestibles
 c - a bread ration
 l - a slice of pizza
 o - a beef jerky


   Skills:
 - Level 0.1 Fighting
 - Level 2.4 Dodging
 - Level 2.4 Stealth
 + Level 4.4 Spellcasting
 + Level 1.2 Conjurations
 + Level 4.2 Ice Magic


You had 7 spell levels left.
You knew the following spells:

 Your Spells              Type           Power        Failure   Level  Hunger
a - Freeze                Ice            ###.         2%          1    None
b - Throw Frost           Conj/Ice       ###...       10%         2    #......


Dungeon Overview and Level Annotations

Branches:
Dungeon (3/15)

Altars:

Annotations:
D:2 Natasha


Message History

Confirm with . or Enter, or press ? or * to list all spells.
Aiming: Freeze
Press: ? - help, Shift-Dir - straight line, f/p - Natasha
Aim: Natasha (heavily wounded)
You freeze Natasha.
Natasha is heavily wounded.
Natasha howls an incantation.
Natasha glows brightly for a moment.
Natasha claws you.
Casting: Freeze
Confirm with . or Enter, or press ? or * to list all spells.
Aiming: Freeze
Press: ? - help, Shift-Dir - straight line, f/p - Natasha
Aim: Natasha (heavily wounded)
You freeze Natasha.
Natasha is severely wounded.
Natasha stares at you and mumbles some strange words.
The magic dart hits you!
Ouch! That really hurt!
You die...

###### #....#
#########.##.####
#......##.#.....#
#......'..##.##.##
#......#####.....#
#......#####.#######
##.@................
###h#>...............
#...####.####.###.##.
#.#### #.# #.# #....
#...5h.#.####+###.###
#####.###.#........### #
...#.###.#...........
#.###.>..##.#...........
#........##......###....


You could see Natasha.

Vanquished Creatures
  An adder (D:1)
  An ooze (D:1)
  A worm (D:2)
  A leopard gecko (D:1)
  A giant cockroach (D:1)
  5 goblins (D:1)
  5 hobgoblins
  2 jackals (D:1)
  A bat (D:1)
  4 frilled lizards (D:1)
  6 kobolds
  12 rats
40 creatures vanquished.

Notes
Turn   | Place    | Note
-------+----------+-------------------------------------------
     0 | D:1      | Trixie the Deep Elf Ice Elementalist began the quest for the Orb.
     0 | D:1      | Reached XP level 1. HP: 10/10 MP: 6/6
   370 | D:1      | Reached XP level 2. HP: 15/15 MP: 6/8
   375 | D:1      | Learned a level 2 spell: Throw Frost
   909 | D:1      | Reached XP level 3. HP: 19/19 MP: 8/10
  1834 | D:2      | Noticed Natasha
  1947 | D:2      | Killed from afar by Natasha

Skill      XL: |  1  2  3 |
---------------+----------+-----
Spellcasting   | 4 |  4.4
Ice Magic      | 4 |  4.2
Fighting       | |  0.1
Dodging        | |  2.4
Stealth        | |  2.4
Conjurations   | |  1.2

Action                   || total
-------------------------++-------
Melee: Unarmed           ||     2
 Cast: Freeze            ||    37
       Throw Frost       ||    25
  Eat: Chunk             ||     3
Armor: Robe              ||     2
Dodge: Dodged            ||    19
